 Dungeon Crawl Stone Soup version 0.31.0-1-g2c135a0 (webtiles) character file.

Game seed: 14589872014047172648

110001 bonscott the Eclecticist (level 17, -18/123 HPs)
             Began as a Djinni Conjurer on Feb 14, 2024.
             Was the Champion of Makhleb.
             Shot with a bolt by Vashnia (22 damage)
             ... on level 2 of the Snake Pit on Feb 17, 2024.
             The game lasted 03:22:39 (21405 turns).

bonscott the Eclecticist (Djinni Conjurer)         Turns: 21405, Time: 03:22:40

Health: -18/123    AC: 20    Str: 12    XL:     17   Next: 8%
Gold:   894        EV:  8    Int: 35    God:    Makhleb [******] SH:  0 Dex: 15

rFire   + . .        b - +2 sling (antimagic)
rCold   + . .        (no shield)
rNeg    . . .        X - +1 ice dragon scales of Luefiw {rElec rF- rC++ Str-4 Int+3 Dex+2}
rPois   ∞            Q - +0 helmet {Int+3}
rElec   +            f - +0 cloak
rCorr   .            G - +0 pair of gloves
SInv    .            (boots unavailable)
Will    +....        j - amulet of regeneration Stlth
                     B - +6 ring of strength
HPRegen 1.20/turn    Z - +6 ring of intelligence
MPRegen 0.00/turn

%: infuse magic (-19 HP)
@: flying, constricted
A: sickness immunity, fire resistance 2, cold vulnerability 1, float, innate
caster, HP casting, extra vitality 1
a: Renounce Religion, Minor Destruction, Lesser Servant of Makhleb, Major
Destruction, Greater Servant of Makhleb


You were on level 2 of the Snake Pit.
You worshipped Makhleb.
Makhleb was exalted by your worship.
You visited 5 branches of the dungeon, and saw 25 of its levels.
You also visited: Sewer and Ice Cave.

You collected 2167 gold pieces.
You spent 1273 gold pieces at shops.

Inventory:

Hand Weapons
 b - a +2 antimagic sling (weapon)
 c - the +4 war axe of Cir Sargh {spect, rF+ rN+++ Str-5}
   (You found it on level 14 of the Dungeon)

   Str-5:     It affects your strength (-5).
   rF+:       It protects you from fire.
   rN+++:     It renders you almost immune to negative energy.
 o - a +2 antimagic dagger
Missiles
 k - 3 throwing nets
 U - 4 curare-tipped darts
Armour
 f - a +0 cloak (worn)
 i - a +1 kite shield of cold resistance
 G - a +0 pair of gloves (worn)
 Q - a +0 helmet of intelligence (worn)
 X - the +1 ice dragon scales of Luefiw (worn) {rElec rF- rC++ Str-4 Int+3 Dex+2}
   (You found it in an ice cave)

   Str-4:     It affects your strength (-4).
   Int+3:     It affects your intelligence (+3).
   Dex+2:     It affects your dexterity (+2).
   rF-:       It makes you vulnerable to fire.
   rC++:      It greatly protects you from cold.
   rElec:     It insulates you from electricity.
Jewellery
 d - a ring of wizardry
 j - an amulet of regeneration (around neck)
 m - the ring of Xacw {rElec rF- Str+3 SInv}
   (You bought it in a shop on level 2 of the Orcish Mines)

   [ring of see invisible]

   Str+3:     It affects your strength (+3).
   rF-:       It makes you vulnerable to fire.
   rElec:     It insulates you from electricity.
   SInv:      It lets you see invisible.
 z - the ring "Facs" {rC+ Dex+2}
   (You found it in an ice cave)

   [ring of protection from cold]

   Dex+2:     It affects your dexterity (+2).
   rC+:       It protects you from cold.
 B - a +6 ring of strength (left hand)
 O - a +6 ring of dexterity
 Z - a +6 ring of intelligence (right hand)
Talismans
 a - a granite talisman
Wands
 p - a wand of flame (82)
 N - a wand of charming (33)
 S - a wand of digging (7)
 T - a wand of acid (5)
 Y - a wand of roots (11)
Scrolls
 h - 2 scrolls of enchant armour
 n - 2 scrolls of revelation
 q - 3 scrolls of fear
 t - 6 scrolls of blinking
 u - 3 scrolls of identify
 y - 3 scrolls of silence
 C - 6 scrolls of fog
 F - a scroll of butterflies
 J - 3 scrolls of vulnerability
 K - a scroll of immolation
 P - 12 scrolls of teleportation
 R - 2 scrolls of poison
Potions
 e - 19 potions of curing
 g - 2 potions of resistance
 r - 5 potions of lignification
 s - 4 potions of haste
 v - 3 potions of cancellation
 w - 4 potions of mutation
 x - a potion of ambrosia
 A - 5 potions of enlightenment
 D - 4 potions of brilliance
 E - 6 potions of heal wounds
 H - a potion of might
 L - 6 potions of attraction
 V - a potion of invisibility


   Skills:
 - Level 12.0 Fighting
 - Level 8.0 Ranged Weapons
 - Level 14.0 Armour
 - Level 6.5 Dodging
 - Level 1.5 Stealth
 + Level 1.1 Shields
 - Level 15.0 Spellcasting
 - Level 15.0 Conjurations
 - Level 15.0 Hexes
 - Level 15.0 Summonings
 - Level 15.0 Necromancy
 - Level 15.0 Translocations
 - Level 15.0 Fire Magic
 - Level 15.0 Ice Magic
 - Level 15.0 Air Magic
 - Level 15.0 Earth Magic
 - Level 15.0 Alchemy
 - Level 9.0 Evocations


You knew the following spells:

 Your Spells              Type           Power      Damage    Failure   Level
a - Anguish               Hex/Necr       46%        N/A       1%          4
c - Death Channel         Necr           46%        N/A       1%          6
d - Magic Dart            Conj           100%       1d8       0%          1
f - Fulminant Prism       Conj/Alch      46%        3d21      1%          4
g - Static Discharge      Conj/Air       100%       3-8/arc   1%          2
j - Conjure Ball Lightni  Conj/Air       46%        3x3d16    1%          6
l - Summon Lightning Spi  Summ/Air       92%        N/A       1%          4
m - Iskenderun's Mystic   Conj/Tloc      92%        2d18      1%          4
n - Necrotise             Necr           100%       1d9       0%          1
r - Searing Ray           Conj           100%       2d8       1%          2
s - Scorch                Fire           100%       2d9       1%          2
u - Iskenderun's Battles  Conj           92%        2d14      1%          5
Your spell library was empty.

Dungeon Overview and Level Annotations

Branches:
Dungeon (15/15)            Temple (1/1) D:7            Lair (5/5) D:8
 Shoals (0/4) Lair:3        Snake (2/4) Lair:2        Slime (0/5) Lair:4
    Orc (2/2) D:11            Elf (0/3) Orc:2        Vaults (0/5) D:13
 Depths (0/4) D:15          Sewer (visited)           IceCv (visited)

Altars:
Ashenzari
Cheibriados
Dithmenos
Elyvilon
Fedhas
Gozag
Hepliaklqana
Makhleb
Nemelex Xobeh
Okawaru
Qazlal
Ru
Trog
Uskayaw
Wu Jian
Xom
Yredelemnul
Zin
The Shining One
Jiyva
Lugonu

Shops:
D:1 ?!(   D:7 (   D:14 [   Orc:2 =(?*

Portals:
Abyss: D:15 Lair:5
Pandemonium: Orc:2
Trove: D:10 (give demon trident "Rift")

Annotations:
D:15 2 transporters, Uwkoecio's ghost, journeyman HOFi
Lair:5 2 transporters, Biscolet's ghost, journeyman DjEE
Snake:2 Vashnia


Innate Abilities, Weirdness & Mutations

You are immune to sickness and miasma.
You are immune to poison.
Your flesh is very heat resistant. (rF++)
You are vulnerable to cold. (rC-)
You float through the air rather than walking.
You learn spells naturally, not from books.
Your magical power is your life essence.
You have superior vitality. (+4 MHP)


Message History

Vashnia is moderately wounded.
Vashnia is knocked back by the mystic blast.
The mystic blast hits the naga sharpshooter!
The naga sharpshooter is moderately wounded.
The naga sharpshooter is knocked back by the mystic blast.
The mystic blast hits the naga sharpshooter!
The naga sharpshooter is lightly wounded.
The naga sharpshooter is knocked back by the mystic blast.
The naga sharpshooter slams into the rock wall!
The naga sharpshooter is moderately wounded.
The mystic blast hits the guardian serpent!!
The guardian serpent is moderately wounded.
The guardian serpent is knocked back by the mystic blast.
The mystic blast hits the naga mage.
The naga mage is lightly wounded.
The naga mage is knocked back by the mystic blast.
The mystic blast hits the naga!
The naga is moderately wounded.
The naga is knocked back by the mystic blast.
The naga slams into the rock wall!
The naga is severely wounded.
The mystic blast hits the naga!
The naga is heavily wounded.
An anaconda comes into view.
The naga hits you with a +0 dire flail!
* * * LOW HITPOINT WARNING * * *
The naga hits you but does no damage. The naga constricts you.
The naga sharpshooter shoots an arrow.
The arrow hits you!
* * * LOW HITPOINT WARNING * * *
The naga sharpshooter unwields a +0 dire flail.
The naga sharpshooter wields a +0 shortbow.
The naga sharpshooter shoots an arrow.
The arrow hits you!
* * * LOW HITPOINT WARNING * * *
Vashnia gestures wildly while chanting.
Vashnia magically shoots a bolt.
The bolt hits you!!
You die...
Vashnia says, "Intruder eliminated."

###......##
#.....S...#
#.........#
#.........#
#..)./N)§.#
#....!..N.#
.#)...S§...#
.....N§@N.#
...#..§NN##
#######


You could see Vashnia (catching breath), 2 naga sharpshooters, an anaconda
(wandering), a guardian serpent, a naga mage (fast) and 2 nagas.

Vanquished Creatures
  Rupert (D:14)
  Kirke (D:14)
  An azure jelly (IceCv)
  Roxanne (Snake:1)
  Louise (D:15)
  A quicksilver ooze (IceCv)
  A rakshasa (D:15)
  2 hydras
  3 centaur warriors
  2 demonspawn (Orc:2)
  3 catoblepae
  6 boulder beetles
  4 two-headed ogres
  Erica (D:8)
  2 anacondas (Snake:1)
  A death knight (D:14)
  2 death yaks (Lair:4)
  3 thrashing horrors (Lair:5)
  An occultist (D:15)
  A soul eater (Orc:2)
  2 orc high priests (Orc:2)
  Sonja (D:13)
  2 skysharks
  A mana viper (Snake:1)
  A lindwurm (Lair:3)
  A naga ritualist (Snake:1)
  2 necromancers
  5 orc knights
  Pikel (D:9)
  A deep elf zephyrmancer (D:13)
  3 deep elf pyromancers
  9 orc sorcerers
  3 cyclopes
  3 manticores
  An oklob plant (Lair:3)
  10 ugly things
  2 salamanders (Snake:1)
  8 elephants (Lair:2)
  9 black mambas
  2 kobold blastminers (Orc:1)
  A torpor snail (Lair:1)
  A smoke demon (Lair:5)
  3 gargoyles
  2 rust devils (Orc:2)
  7 naga magi (Snake:1)
  2 ice statues (IceCv)
  A centaur skeleton (D:15)
  14 cane toads
  3 large abominations (Lair:5)
  4 rime drakes
  An unseen horror (shapeshifter) (Lair:5)
  13 komodo dragons
  An ice devil (Orc:2)
  7 trolls
  A hornet (shapeshifter) (D:15)
  2 polar bears (Lair:4)
  4 hornets
  9 blink frogs (Lair:5)
  A harpy skeleton (D:15)
  A wind drake (shapeshifter) (Lair:5)
  2 dream sheep
  A raiju (Lair:5)
  A raiju (shapeshifter) (D:14)
  9 slime creatures
  A centaur simulacrum (D:15)
  5 wraiths
  34 yaks
  3 shadows
  A ynoxinul (Lair:5)
  3 hogs
  4 wyverns
  A vampire (D:11)
  12 spriggans (Lair:4)
  2 steam dragons
  6 basilisks
  A warg (D:11)
  7 vampire mosquitoes (D:13)
  8 small abominations (Lair:5)
  Menkaure (D:5)
  8 nagas
  4 great orb of eyes simulacra (IceCv)
  12 water moccasins
  A swamp drake (D:8)
  27 orc warriors
  9 ogres
  3 boggarts (Lair:4)
  6 centaurs
  A phantom (D:5)
  13 wolves
  2 slime creature simulacra (IceCv)
  A kobold brigand (D:8)
  2 lemures (D:9)
  2 brain worms (Sewer)
  12 bullfrogs
  A scorpion (D:5)
  2 gnoll sergeants (D:9)
  2 glowing shapeshifter simulacra (IceCv)
  A jelly (D:5)
  8 wights
  12 killer bees
  A howler monkey (D:10)
  2 electric eels
  26 orc priests
  A bombardier beetle (D:2)
  2 sleepcaps (D:6)
  Ijyb (D:5)
  15 orc wizards
  4 shapeshifter simulacra (IceCv)
  12 gnolls
  2 river rats (Sewer)
  9 adders
  4 white imps (D:6)
  2 ufetubi (D:7)
  2 dart slugs (D:1)
  2 ribbon worms
  63 orcs
  8 bats
  4 endoplasms
  6 giant cockroaches
  6 goblins
  4 hobgoblins
  2 jackals (D:2)
  10 kobolds
  4 quokkas
  9 ball pythons
  8 frilled lizards
  10 rats
  A ball lightning (IceCv)
  2 fulminant prisms
636 creatures vanquished.

Vanquished Creatures (collateral kills)
  Snorg (Lair:3)
  2 naga warriors (Snake:1)
  An orc high priest (Orc:2)
  A naga sharpshooter (Snake:2)
  2 orc knights
  3 cyclopes
  2 orc sorcerers
  An ugly thing (D:14)
  2 black mambas
  2 smoke demons (Lair:5)
  A freezing wraith (D:14)
  A komodo dragon (Lair:4)
  2 tengu conjurers (D:15)
  2 trolls
  4 slime creatures (IceCv)
  3 blink frogs (Lair:5)
  A basilisk (Lair:5)
  4 yaks
  2 wraiths (D:14)
  An acid dragon (D:11)
  A great orb of eyes simulacrum (IceCv)
  A water moccasin (Lair:4)
  4 orc warriors
  A small abomination (Lair:5)
  An ogre (Orc:1)
  4 orc priests
  7 orcs
  A ball lightning (Orc:2)
58 creatures vanquished.

Vanquished Creatures (others)
  A basilisk (D:8)
  An ice beast (D:7)
  79 ball lightnings
  248 fulminant prisms
329 creatures vanquished.

Grand Total: 1023 creatures vanquished

Notes
Turn   | Place    | Note
-------+----------+-------------------------------------------
     0 | D:1      | bonscott the Djinni Conjurer began the quest for the Orb.
     0 | D:1      | bonscott set off with the following spells memorised: Magic
                  | Dart, Searing Ray, Fulminant Prism, Iskenderun's Mystic
                  | Blast.
     0 | D:1      | Reached XP level 1. HP: 15/15 MP: 0/0
    85 | D:1      | Noticed a +0 triple sword
    86 | D:1      | Found Nese's Weapon Shop.
    87 | D:1      | Noticed a +0 lajatang
   149 | D:1      | Reached XP level 2. HP: 19/21 MP: 0/0
   298 | D:1      | Found Gyid's Magic Scroll Shoppe.
   349 | D:1      | Found Weico's Distillery.
   352 | D:1      | Bought a potion of degeneration for 11 gold pieces
  1132 | D:2      | Reached XP level 3. HP: 25/25 MP: 0/0
  1132 | D:2      | Learned a level 1 spell: Necrotise
  1305 | D:2      | Reached XP level 4. HP: 20/31 MP: 0/0
  1580 | D:3      | Reached XP level 5. HP: 34/35 MP: 0/0
  1580 | D:3      | Learned a level 2 spell: Static Discharge
  1581 | D:3      | Reached skill level 5 in Spellcasting
  1581 | D:3      | Reached skill level 5 in Conjurations
  1581 | D:3      | Reached skill level 5 in Hexes
  1581 | D:3      | Reached skill level 5 in Summonings
  1581 | D:3      | Reached skill level 5 in Necromancy
  1581 | D:3      | Reached skill level 5 in Translocations
  1581 | D:3      | Reached skill level 5 in Fire Magic
  1581 | D:3      | Reached skill level 5 in Ice Magic
  1581 | D:3      | Reached skill level 5 in Air Magic
  1581 | D:3      | Reached skill level 5 in Earth Magic
  1581 | D:3      | Reached skill level 5 in Alchemy
  2180 | D:1      | Bought a potion of brilliance for 44 gold pieces
  2180 | D:1      | Bought a potion of heal wounds for 55 gold pieces
  2180 | D:1      | Bought a potion of curing for 33 gold pieces
  2329 | D:4      | Noticed an ogre
  2475 | D:4      | Killed an ogre
  2476 | D:4      | Reached XP level 6. HP: 22/40 MP: 0/0
  2741 | D:4      | Noticed a +0 spear
  2741 | D:4      | Noticed a +0 falchion
  2742 | D:4      | Noticed a +0 short sword
  2743 | D:4      | Noticed a +0 falchion
  2743 | D:4      | Noticed a +0 short sword
  2744 | D:4      | Noticed a +0 spear
  2744 | D:4      | Noticed a +0 dagger
  2745 | D:4      | Noticed a +0 dagger
  2754 | D:4      | Found a hide-covered altar of Uskayaw.
  2896 | D:5      | Entered Level 5 of the Dungeon
  2917 | D:5      | Noticed Ijyb
  2960 | D:5      | Killed Ijyb
  3032 | D:5      | Reached XP level 7. HP: 44/45 MP: 0/0
  3032 | D:5      | Learned a level 2 spell: Scorch
  3468 | D:5      | Found a glowing drain.
  3475 | Sewer    | Entered a sewer
  3752 | Sewer    | Reached XP level 8. HP: 50/50 MP: 0/0
  3839 | D:5      | Noticed Menkaure
  3851 | D:5      | Killed Menkaure
  4468 | D:6      | Reached XP level 9. HP: 48/55 MP: 0/0
  4468 | D:6      | Learned a level 4 spell: Anguish
  4828 | D:7      | Found a staircase to the Ecumenical Temple.
  4839 | Temple   | Entered the Ecumenical Temple
  4848 | Temple   | Became a worshipper of Makhleb the Destroyer
  4912 | D:7      | Found Duxu's Antique Weapon Boutique.
  5354 | D:8      | Noticed Erica
  5410 | D:8      | Killed Erica
  5411 | D:8      | Reached skill level 10 in Spellcasting
  5411 | D:8      | Reached skill level 10 in Conjurations
  5411 | D:8      | Reached skill level 10 in Hexes
  5411 | D:8      | Reached skill level 10 in Summonings
  5411 | D:8      | Reached skill level 10 in Necromancy
  5411 | D:8      | Reached skill level 10 in Translocations
  5411 | D:8      | Reached skill level 10 in Fire Magic
  5411 | D:8      | Reached skill level 10 in Ice Magic
  5411 | D:8      | Reached skill level 10 in Air Magic
  5411 | D:8      | Reached skill level 10 in Earth Magic
  5411 | D:8      | Reached skill level 10 in Alchemy
  5868 | D:8      | Reached XP level 10. HP: 59/60 MP: 0/0
  6010 | D:8      | Noticed a komodo dragon
  6019 | D:8      | Killed a komodo dragon
  6127 | D:8      | Found a staircase to the Lair.
  6495 | D:9      | Reached * piety under Makhleb
  6588 | D:9      | Reached skill level 1 in Armour
  6915 | D:9      | Noticed Pikel
  6934 | D:9      | Killed Pikel
  6935 | D:9      | Reached XP level 11. HP: 61/65 MP: 0/0
  6935 | D:9      | Learned a level 4 spell: Summon Lightning Spire
  7322 | D:1      | Bought a scroll of identify for 26 gold pieces
  7322 | D:1      | Bought a scroll of identify for 26 gold pieces
  7322 | D:1      | Bought a scroll of identify for 26 gold pieces
  7642 | D:7      | Bought a fine long sword for 212 gold pieces
  7642 | D:7      | Identified the +4 long sword of Salt {protect, ^Fragile
                  | rPois rF+} (You bought it in a shop on level 7 of the
                  | Dungeon)
  7712 | D:10     | Entered Level 10 of the Dungeon
  7715 | D:10     | Found a portal to a secret trove of treasure.
  7737 | D:10     | Noticed a two-headed ogre
  7747 | D:10     | Killed a two-headed ogre
  8148 | D:10     | Reached skill level 1 in Fighting
  8237 | D:11     | Reached ** piety under Makhleb
  8279 | D:11     | Noticed a brown ugly thing
  8478 | Lair:1   | Entered Level 1 of the Lair of Beasts
  8667 | Lair:1   | Reached skill level 1 in Evocations
  9028 | Lair:1   | Noticed an eight-headed hydra
  9037 | Lair:1   | Killed an eight-headed hydra
  9038 | Lair:1   | Reached skill level 5 in Fighting
  9038 | Lair:1   | Reached XP level 12. HP: 82/82 MP: 0/0
  9226 | Lair:2   | Reached skill level 5 in Evocations
  9299 | Lair:2   | Found a staircase to the Snake Pit.
  9318 | Lair:2   | Reached *** piety under Makhleb
  9319 | Lair:2   | Reached skill level 5 in Armour
  9465 | Lair:2   | Noticed a skyshark
  9473 | Lair:2   | Killed a skyshark
  9821 | Lair:2   | Reached XP level 13. HP: 66/92 MP: 0/0
  9821 | Lair:2   | Learned a level 5 spell: Iskenderun's Battlesphere
 10360 | Lair:3   | Reached skill level 1 in Ranged Weapons
 10366 | Lair:3   | Reached **** piety under Makhleb
 10634 | Lair:3   | Noticed a catoblepas
 10645 | Lair:3   | Killed a catoblepas
 10675 | Lair:3   | Reached skill level 5 in Ranged Weapons
 10785 | Lair:3   | Found a staircase to the Shoals.
 11079 | Lair:3   | Noticed Snorg
 11086 | Lair:3   | Killed Snorg
 11377 | Lair:4   | Found a viscous altar of Jiyva.
 11377 | Lair:4   | Found a staircase to the Slime Pits.
 11692 | Lair:4   | Reached ***** piety under Makhleb
 11693 | Lair:4   | Reached skill level 10 in Fighting
 11697 | Lair:4   | Reached XP level 14. HP: 103/103 MP: 0/0
 12100 | Lair:5   | Entered Level 5 of the Lair of Beasts
 12174 | Lair:5   | Identified the +0 scale mail "Sunteesu" {Str+4}
 12451 | Lair:5   | Reached skill level 10 in Armour
 12698 | Lair:5   | Found a corrupted altar of Lugonu.
 12699 | Lair:5   | Found a one-way gate to the infinite horrors of the Abyss.
 12982 | Lair:5   | Found a transporter.
 12989 | Lair:5   | Found a transporter.
 12994 | Lair:5   | Found a bloodstained altar of Trog.
 12994 | Lair:5   | Noticed Biscolet's ghost (journeyman DjEE)
 13984 | D:11     | Found a staircase to the Orcish Mines.
 13993 | D:11     | Reached ****** piety under Makhleb
 14269 | D:12     | Found a frozen archway.
 14303 | D:12     | Reached XP level 15. HP: 107/107 MP: 0/0
 14303 | D:12     | Learned a level 6 spell: Conjure Ball Lightning
 14306 | IceCv    | Entered an ice cave
 14418 | IceCv    | Noticed a quicksilver ooze
 14449 | IceCv    | Killed a quicksilver ooze
 14756 | IceCv    | Noticed an azure jelly
 14773 | IceCv    | Killed an azure jelly
 14857 | IceCv    | Found a viscous altar of Jiyva.
 14937 | IceCv    | Identified the +1 ice dragon scales of Luefiw {rElec rF-
                  | rC++ Str-4 Int+3 Dex+2}
 14942 | IceCv    | Identified the +1 leather armour of Uskayaw's Condemnation
                  | {*Slow Dex+9}
 14949 | IceCv    | Got the ring "Facs" {rC+ Dex+2}
 15115 | D:12     | Found a blossoming altar of Fedhas.
 15531 | Orc:1    | Entered Level 1 of the Orcish Mines
 15535 | Orc:1    | Reached skill level 5 in Dodging
 15822 | Orc:2    | Entered Level 2 of the Orcish Mines
 15914 | Orc:2    | Found a staircase to the Elven Halls.
 16610 | Orc:2    | Found Joessuyho's General Store.
 16624 | Orc:2    | Found Jamithel's Magic Scroll Shoppe.
 16701 | Orc:2    | Reached skill level 15 in Spellcasting
 16701 | Orc:2    | Reached skill level 15 in Conjurations
 16701 | Orc:2    | Reached skill level 15 in Hexes
 16701 | Orc:2    | Reached skill level 15 in Summonings
 16701 | Orc:2    | Reached skill level 15 in Necromancy
 16701 | Orc:2    | Reached skill level 15 in Translocations
 16701 | Orc:2    | Reached skill level 15 in Fire Magic
 16701 | Orc:2    | Reached skill level 15 in Ice Magic
 16701 | Orc:2    | Reached skill level 15 in Air Magic
 16701 | Orc:2    | Reached skill level 15 in Earth Magic
 16701 | Orc:2    | Reached skill level 15 in Alchemy
 16872 | Orc:2    | Found Qyack's Antique Weapon Boutique.
 16872 | Orc:2    | Found Guwuaz's Jewellery Shop.
 16873 | Orc:2    | Found a one-way gate leading to the halls of Pandemonium.
 17103 | Orc:2    | Bought the ring of Xacw {rElec rF- Str+3 SInv} for 311 gold
                  | pieces
 17132 | Orc:2    | Bought a wand of digging (9) for 529 gold pieces
 17331 | D:13     | Noticed Sonja
 17334 | D:13     | Killed Sonja
 17335 | D:13     | Reached XP level 16. HP: 115/116 MP: 0/0
 17508 | D:13     | Found a gate to the Vaults.
 17602 | D:13     | Found the +8 trishula "Condemnation" {holy, anguish, *Noise
                  | Fly rN+}
 17895 | D:14     | Identified the +4 war axe of Cir Sargh {spect, rF+ rN+++
                  | Str-5}
 18031 | D:14     | You are sucked into a shaft and drop 1 floor!
 18031 | D:15     | Entered Level 15 of the Dungeon
 18110 | D:15     | Noticed a tentacled starspawn
 18123 | D:15     | Found a transporter.
 18128 | D:15     | Found a transporter.
 18128 | D:15     | Noticed Uwkoecio's ghost (journeyman HOFi)
 18654 | D:15     | Found a staircase to the Depths.
 19059 | D:15     | Noticed Louise
 19078 | D:15     | Killed Louise
 20115 | D:14     | Noticed Kirke
 20123 | D:14     | Killed Kirke
 20156 | D:14     | Found Imyliot's Antique Armour Shoppe.
 20371 | D:14     | Noticed Rupert
 20387 | D:14     | Killed Rupert
 20788 | Snake:1  | Entered Level 1 of the Snake Pit
 21046 | Snake:1  | Noticed Roxanne
 21106 | Snake:1  | Killed Roxanne
 21107 | Snake:1  | Reached XP level 17. HP: 98/123 MP: 0/0
 21107 | Snake:1  | Learned a level 6 spell: Death Channel
 21397 | Snake:2  | Noticed Vashnia
 21401 | Snake:2  | Reached skill level 1 in Shields
 21405 | Snake:2  | HP: 4/123 [naga sharpshooter/arrow[Vashnia] (13)]
 21405 | Snake:2  | Shot with a bolt by Vashnia

Illustrated notes

Levels and vault maps discovered:
D:1:      heliophobic_arrival_battle_scene, layout_basic, serial_shops,
          nicolae_shop_behind_doors, nicolae_diamond_shop,
          nicolae_shop_mannequins, chequers_hall_statues_y
D:2:      layout_rooms
D:3:      layout_basic
D:4:      layout_rooms, nicolae_uskayaw_en_pointe, serial_curves,
          eino_curves_02, eino_curves_02
D:5:      layout_basic, gup_sewer_entry_bubbles, serial_park_tiny_1, uniq_ijyb,
          uniq_menkaure
D:6:      layout_cave_pods, minmay_misc_feat_x
D:7:      layout_basic, minmay_temple_entry_purple_smoke, minmay_misc_feat_five,
          nicolae_take_the_stairs
D:8:      layout_loops_ring, erik_lair_dragon, uniq_erica
D:9:      layout_stronghold, uniq_pikel
D:10:     layout_long_grid, nicolae_trove_entry_isolated
D:11:     layout_irregular_city, erik_orc_4, st_stairs_11,
          david_defended_altar_orc
D:12:     layout_rooms, portal_ice_cave_entry_pillars_2,
          fedhas_bush_and_centaur_altar
D:13:     layout_basic, david_vaults_1, uniq_sonja
D:14:     layout_stronghold, fountainhead, serial_shops, shop,
          minmay_misc_feat_columns, grunt_ministairs_7, uniq_rupert, uniq_kirke
D:15:     grunt_enter_depths_magical_seal, layout_basic,
          gammafunk_ghost_abyssal_escape, grunt_decor_fettered,
          serial_co_window_serial, co_window_paths_a, co_window_cross_1,
          co_window_paths_a, co_window_corner_a, co_window_corner_a,
          co_window_2corner, co_window_2corner, co_window_unsneaky_path_a,
          co_window_unsneaky_path_e, glass_columns_b, uniq_louise
Temple:   nicolae_temple_bog_church
Lair:1:   layout_layer_cave, minivault_27, chequers_serial_rivers_room_b
Lair:2:   nzn_winding_woodlands_cross [nzn_winding_woodlands_5x15_lazy_stream,
          nzn_winding_woodlands_5x15_jagged, nzn_winding_woodlands_5x15_zeroes,
          nzn_winding_woodlands_5x15_sidewinder,
          nzn_winding_woodlands_15x15_killbox], layout_chaotic_city,
          guppyfry_snake_entry_island
Lair:3:   layout_cave_shapes, shoals_dummy_entry, grunt_megastairs_1,
          infiniplex_staircase_pool, uniq_snorg
Lair:4:   kb_forest_paths, layout_loops_ring, dpeg_slime_entry_enclosed,
          serial_bayou_shore_a
Lair:5:   hellmonk_lair_end_abyssal_woods, layout_loops_ring,
          gammafunk_ghost_wrathful_warriors, nicolae_quartered_pool_impasse
Snake:1:  layout_rooms, uniq_roxanne
Snake:2:  layout_rooms, nicolae_snake_gridmaze_tees, lemuel_fruit_tree,
          minmay_shop_star, grunt_megastairs_2, uniq_vashnia
Orc:1:    layout_caves, abandoned_shop
Orc:2:    pf_orc_diabolical, layout_caves, basic_altar, nicolae_orc_damp_corner

Skill      XL: |  1  2  3  4  5  6  7  8  9 10 11 12 13 14 15 16 17 |
---------------+----------------------------------------------------+-----
Spellcasting   | 4 5 6 7 8 10 12 13 15 | 15.0
Conjurations   | 4 5 6 7 8 10 12 13 15 | 15.0
Hexes          | 4 5 6 7 8 10 12 13 15 | 15.0
Summonings     | 4 5 6 7 8 10 12 13 15 | 15.0
Necromancy     | 4 5 6 7 8 10 12 13 15 | 15.0
Translocations | 4 5 6 7 8 10 12 13 15 | 15.0
Fire Magic     | 4 5 6 7 8 10 12 13 15 | 15.0
Ice Magic      | 4 5 6 7 8 10 12 13 15 | 15.0
Air Magic      | 4 5 6 7 8 10 12 13 15 | 15.0
Earth Magic    | 4 5 6 7 8 10 12 13 15 | 15.0
Alchemy        | 4 5 6 7 8 10 12 13 15 | 15.0
Armour         | 4 7 9 10 13 14 | 14.0
Fighting       | 5 8 10 11 12 | 12.0
Evocations     | 4 6 9 |  9.0
Ranged Weapons | 6 8 |  8.0
Dodging        | 6 |  6.5
Shields        | 1 |  1.1
Stealth        | |  1.5

Action                     |  1- 3 |  4- 6 |  7- 9 | 10-12 | 13-15 | 16-18 || total
---------------------------+-------+-------+-------+-------+-------+-------++-------
  Melee: Dagger            |       |       |       |       |     3 |       ||     3
   Fire: Sling             |       |       |       |       |     8 |     8 ||    16
   Cast: Magic Dart        |    52 |    57 |    80 |    50 |   393 |   125 ||   757
         Necrotise         |    12 |    13 |       |     9 |       |       ||    34
         Searing Ray       |       |     9 |    15 |     1 |       |       ||    25
         Fulminant Prism   |       |       |    39 |   125 |    67 |    20 ||   251
         Iskenderun's Myst |       |       |     3 |    43 |   170 |    66 ||   282
         Anguish           |       |       |     2 |     3 |     1 |       ||     6
         Iskenderun's Batt |       |       |       |       |    86 |    42 ||   128
         Summon Lightning  |       |       |       |       |    37 |    17 ||    54
         Conjure Ball Ligh |       |       |       |       |    21 |    12 ||    33
  Evoke: Wand              |       |       |       |       |       |     2 ||     2
    Use: Scroll            |     1 |     4 |     7 |     7 |    10 |     1 ||    30
         Potion            |       |       |       |       |     3 |     1 ||     4
 Armour: Robe              |       |    14 |    18 |     4 |       |       ||    36
         Troll leather arm |       |       |       |    17 |    96 |       ||   113
         Ice dragon scales |       |       |       |       |    43 |    89 ||   132
  Dodge: Dodged            |     3 |    13 |     8 |    11 |    67 |    23 ||   125
